 Dungeon Crawl Stone Soup version 0.20.0-8-g6b59dc7 (webtiles) character file.

91 miragecloak the Changer (level 4, -5/28 HPs)
             Began as an Octopode Transmuter on May 31, 2017.
             Slain by a hobgoblin
             ... wielding a +0 club
             ... led by Robin
              (9 damage)
             ... on level 3 of the Dungeon.
             The game lasted 00:01:57 (1559 turns).

miragecloak the Changer (Octopode Transmuter)       Turns: 1559, Time: 00:01:58

Health: -5/28      AC:  1    Str:  9    XL:     4   Next: 59%
Magic:  2/7        EV: 13    Int: 15    God:
Gold:   158        SH:  0    Dex: 13    Spells: 3/7 levels left

rFire    . . .     SeeInvis .     - Unarmed
rCold    . . .     Gourm    .   (no shield)
rNeg     . . .     Faith    .   (helmet restricted)
rPois    .         Spirit   .   (no amulet)
rElec    .         Reflect  .   (no ring)
rCorr    .         Harm     .   (no ring)
MR       .....                  (no ring)
Stlth    ++........             (no ring)
Regen    0.1/turn               (no ring)
MPRegen  0.1/turn               (no ring)
                                (no ring)
                                (no ring)

@: very slightly contaminated
A: almost no armour, stealthy swim, amphibious, 8 rings, constrict 8, camouflage
1, gelatinous body 1
a: no special abilities


You were on level 3 of the Dungeon.
You were not hungry.

You visited 1 branch of the dungeon, and saw 3 of its levels.

You collected 158 gold pieces.

Inventory:

Missiles
 a - 32 arrows
Jewellery
 h - an uncursed ring of protection from cold {unknown}
 i - an uncursed ring of magical power {unknown}
 l - a +3 amulet of reflection {unknown}
 s - an uncursed ring of fire {unknown}
Wands
 o - a wand of confusion (21/48)
 r - a wand of iceblast (3/15)
Scrolls
 f - a scroll of fear {unknown}
 j - a scroll of teleportation {unknown}
 m - a scroll of identify {unknown}
Potions
 e - 2 potions of brilliance {unknown}
 n - a potion of curing {unknown}
 p - a potion of magic {unknown}
 q - a potion of ambrosia {unknown}
Books
 b - a book of Changes

   Spells                             Type                      Level
   a - Beastly Appendage              Transmutation                1
   b - Sticks to Snakes               Transmutation                2
   c - Spider Form                    Transmutation/Poison         3
   d - Ice Form                       Ice/Transmutation            4
   e - Blade Hands                    Transmutation                5
Comestibles
 c - a bread ration
 d - a meat ration
 g - a royal jelly


   Skills:
 - Level 1.0 Fighting
 - Level 2.0 Dodging
 - Level 3.0 Unarmed Combat
 - Level 2.0 Spellcasting
 + Level 3.9 Transmutations
 * Level 2.7 Poison Magic


You had 3 spell levels left.
You knew the following spells:

 Your Spells              Type           Power        Failure   Level  Hunger
a - Beastly Appendage     Tmut           ##....       4%          1    #......
b - Spider Form           Tmut/Pois      ##........   17%         3    ###....


Dungeon Overview and Level Annotations

Branches:
Dungeon (3/15)

Altars:

Annotations:
D:3 1 runed door, Robin


Innate Abilities, Weirdness & Mutations

You cannot wear most types of armour.
You are very stealthy in the water. (Stealth+)
You are amphibious.
You can wear up to eight rings at the same time.
You can use your tentacles to constrict eight enemies at once.
Your skin changes colour to match your surroundings (Stealth+).
Your rubbery body absorbs attacks. (AC +1, EV +1)


Message History

Casting: Spider Form
Confirm with . or Enter, or press ? or * to list all spells.
You don't have enough magic to cast that spell.
Casting: Spider Form
Confirm with . or Enter, or press ? or * to list all spells.
You don't have enough magic to cast that spell.
Casting: Spider Form
Confirm with . or Enter, or press ? or * to list all spells.
You don't have enough magic to cast that spell.
Casting: Spider Form
Confirm with . or Enter, or press ? or * to list all spells.
You don't have enough magic to cast that spell.
Unknown command.
You tentacle-slap the goblin. Your grab misses the goblin.
The goblin is heavily wounded.
The goblin closely misses you. The goblin hits you but does no damage.
Robin roars a battlecry!
The goblins go into a battle-frenzy!
The hobgoblin hits you with a club!
You die...

#.....###.#.....###..#
#......$..............
#..<..##.##.....#####.
#.....##.#......# #
#........#.####.#
######.###. #.# #>.#
#. ... ####g## .. ....
#..g@# .# .....ggrg#
......gg.$.
..%.gg.>.###
......g..# .........#
.........# .........#


You could see Robin, a quokka, 4 hobgoblins and 5 goblins.

Vanquished Creatures
  Ijyb (D:3)
  A gnoll (D:2)
  An adder (D:2)
  A worm (D:1)
  A dart slug (D:1)
  2 leopard geckos (D:1)
  A giant cockroach (D:2)
  11 goblins
  4 hobgoblins (D:1)
  3 kobolds
  2 quokkas
  4 bats
  2 frilled lizards (D:1)
  7 rats
41 creatures vanquished.

Notes
Turn   | Place    | Note
-------+----------+-------------------------------------------
     0 | D:1      | miragecloak the Octopode Transmuter began the quest for the Orb.
     0 | D:1      | Reached XP level 1. HP: 13/13 MP: 3/3
    59 | D:1      | Reached XP level 2. HP: 14/18 MP: 3/5
   542 | D:1      | Reached XP level 3. HP: 19/23 MP: 4/6
   547 | D:1      | Learned a level 3 spell: Spider Form
   971 | D:2      | Reached skill level 1 in Poison Magic
  1250 | D:2      | Reached XP level 4. HP: 28/28 MP: 2/7
  1435 | D:3      | Found a runed door.
  1460 | D:3      | Noticed Ijyb
  1471 | D:3      | Killed Ijyb
  1552 | D:3      | Noticed Robin
  1559 | D:3      | Slain by a hobgoblin

Skill      XL: |  1  2  3  4 |
---------------+-------------+-----
Transmutations | 3 |  3.9
Poison Magic   | 1 2 |  2.7
Fighting       | |  1.0
Dodging        | |  2.0
Unarmed Combat | |  3.0
Spellcasting   | |  2.0

Action                   |  1- 3 |  4- 6 || total
-------------------------+-------+-------++-------
Melee: Unarmed           |    82 |    28 ||   110
       Constrict         |    20 |     6 ||    26
       Tentacles         |    19 |     3 ||    22
       Kick              |    14 |       ||    14
       Punch             |       |     1 ||     1
 Cast: Beastly Appendage |    19 |       ||    19
       Spider Form       |     4 |     2 ||     6
 Stab: Sleeping          |     1 |       ||     1
  Eat: Chunk             |     2 |     2 ||     4
Armor: Skin              |     6 |     1 ||     7
Dodge: Dodged            |    51 |    27 ||    78
